 Dungeon Crawl Stone Soup version 0.17-a0-18-gc25b939 (console) character file.

1247 Monkaria the Carver (level 8, -2/103 (105) HPs)
             Began as a Minotaur Chaos Knight on Mar 7, 2015.
             Killed from afar by an orc wizard (4 damage)
             ... with a puff of flame
             ... on level 6 of the Dungeon on Mar 8, 2015.
             The game lasted 00:10:54 (4138 turns).

Monkaria the Carver (Minotaur Chaos Knight)         Turns: 4138, Time: 00:10:55

HP:   -2/103 (105)  AC:  7    Str: 21      XL:     8   Next: 25%
MP:   3/3           EV: 13    Int:  2 (7)  God:    Xom [......]
Gold: 414           SH:  0    Dex: 13      Spells: 0 memorised, 7 levels left

rFire  . . .     SeeInvis .     a - +1 falchion (chaos)
rCold  . . .     Rnd*Rage +     b - +2 leather armour
rNeg   . . .     SustAb   .     (no shield)
rPois  .         Gourm    .     (helmet restricted)
rElec  .         Spirit   .     k - +1 cloak
rCorr  .         Warding  .     (no gloves)
rMut   .         Stasis   .     (no boots)
MR     .....                    (no amulet)
Stlth  ..........               (no ring)
                                (no ring)

@: berserking, very quick, not resistant to hostile enchantments, extremely
unstealthy
A: retaliatory headbutt, horns 2, berserk 1, dopey 1
a: Renounce Religion


You were on level 6 of the Dungeon.
You worshipped Xom.
You were a very special plaything of Xom.
You were hungry.

You visited 1 branch of the dungeon, and saw 6 of its levels.

You collected 414 gold pieces.

Inventory:

Hand weapons
 a - a +1 falchion of chaos (weapon)
 e - the +5 greatsling of Saaz {flame, rN+ Stlth+, unknown}
   (You found it on level 4 of the Dungeon)

   It causes projectiles fired from it to burn those they strike, causing extra
   injury to most foes and up to half again as much damage against particularly
   susceptible opponents.
   It protects you from negative energy.
   It makes you more stealthy.
Missiles
 x - 7 needles of sleeping
Armour
 b - a +2 leather armour (worn)
 k - a +1 cloak (worn)
 D - a +1 pair of gloves
Jewellery
 y - a cursed ring of protection from magic {unknown}
Scrolls
 d - 2 scrolls of recharging
 f - a scroll of teleportation
 g - 2 scrolls of remove curse
 j - a scroll of enchant weapon
 n - 4 scrolls of identify
 p - 2 scrolls of amnesia {unknown}
 t - a scroll of fear {unknown}
Potions
 h - a potion of brilliance
 i - a potion of magic {unknown}
 l - a potion of flight {unknown}
 r - a potion of cancellation
 u - a potion of might
 v - a potion of degeneration
 w - a potion of curing {unknown}
 z - a potion of berserk rage
 A - a potion of invisibility {unknown}
 B - a potion of ambrosia {unknown}
Comestibles
 c - 5 bread rations
 m - 2 meat rations
 o - 2 slices of pizza
 q - 3 beef jerkies
 s - 2 royal jellies
 C - a chunk of flesh


   Skills:
 - Level 6.1 Fighting
 + Level 9.0 Long Blades
 - Level 5.1 Armour
 - Level 4.1 Dodging
 - Level 2.0 Stealth


You had 7 spell levels left.
You didn't know any spells.

Dungeon Overview and Level Annotations

Branches:
Dungeon (6/15)
 Temple: D:4-7

Altars:
Cheibriados
Elyvilon
Makhleb
Okawaru
Trog

Annotations:
D:6 Eustachio, Menkaure


Innate Abilities, Weirdness & Mutations

You reflexively headbutt those who attack you in melee.
You have a pair of horns on your head.
You tend to lose your temper in combat.
You are dopey. (Int -2)


Message History

You feel yourself moving faster!
You feel mighty!
Xom roars with laughter!
The orc warrior hits you with a short sword!
* * * LOW HITPOINT WARNING * * *
The orc wizard becomes somewhat translucent.
You are too berserk!
You are too berserk!
You hit the orc warrior.
You feel better.
The orc warrior is lightly wounded.
The orc warrior hits you with a short sword.
* * * LOW HITPOINT WARNING * * *
You hit the orc warrior. You burn the orc warrior.
You headbutt the orc warrior!
The orc warrior is heavily wounded.
You slash the orc warrior! You burn the orc warrior.
You kill the orc warrior!
Your Long Blades skill increases to level 9!
The orc wizard points at you and mumbles some strange words.
The puff of flame hits you!
You die...

##....
#.....
#.....
#.....
#.....
##.o..
##... ###
##.o #@##
##. ##)##
#.o##
#o..##
#....###
#......##
#.......##
#........#
#........##


You could see an orc wizard and an orc.

Vanquished Creatures
  An orc warrior (D:6)
  A black bear (D:5)
  A centaur (D:5)
  3 scorpions
  A water moccasin skeleton (D:5)
  A centaur zombie (D:3)
  3 crimson imps
  A giant frog zombie (D:6)
  2 orc priests
  2 hounds
  4 orc wizards (D:5)
  2 iguanas
  7 worker ants
  Jessica (D:3)
  5 adders
  3 gnolls (D:5)
  A giant mite (D:5)
  A shadow imp (D:6)
  3 worms
  3 adder skeletons (D:4)
  4 giant geckos
  11 orcs
  A ball python (D:2)
  5 bats
  2 giant cockroaches (D:1)
  9 goblins
  8 hobgoblins
  7 jackals
  5 kobolds
  2 quokkas
  A giant cockroach zombie (D:5)
  2 giant newts
  13 rats
116 creatures vanquished.

Notes
Turn   | Place    | Note
--------------------------------------------------------------
     0 | D:1      | Monkaria, the Minotaur Chaos Knight, began the quest for the Orb.
     0 | D:1      | Reached XP level 1. HP: 19/19 MP: 1/1
   120 | D:1      | Reached XP level 2. HP: 17/27 MP: 1/1
   207 | D:1      | Reached skill level 4 in Fighting
   284 | D:1      | XOM: harmless Erth miscast
   285 | D:1      | XOM: harmless Tloc miscast
   435 | D:2      | XOM: stealth player
   439 | D:2      | XOM: silly message
   454 | D:2      | Reached XP level 3. HP: 25/33 MP: 2/2
   619 | D:2      | XOM: mild Trmt miscast
   653 | D:2      | Found a white marble altar of Elyvilon.
   655 | D:2      | Found a burning altar of Makhleb.
   659 | D:2      | Found a snail-covered altar of Cheibriados.
   840 | D:2      | You fall through a shaft!
   846 | D:3      | XOM: potion effect (berserk rage)
   848 | D:3      | XOM: harmless Erth miscast
   849 | D:3      | Reached XP level 4. HP: 34/41 MP: 2/2
   850 | D:3      | Reached skill level 5 in Fighting
   929 | D:2      | XOM: divination: detect creatures
  1044 | D:3      | XOM: medium Necr miscast
  1098 | D:3      | XOM: harmless Air miscast
  1109 | D:3      | Noticed Jessica
  1117 | D:3      | Killed Jessica
  1236 | D:3      | Reached XP level 5. HP: 48/48 MP: 2/2
  1295 | D:3      | XOM: severe Pois miscast
  1556 | D:4      | XOM: harmless Summ miscast
  1564 | D:4      | XOM: harmless Chrm miscast
  1822 | D:4      | Reached skill level 5 in Long Blades
  1838 | D:4      | XOM: harmless Trmt miscast
  1927 | D:4      | XOM: blink monster(s)
  1960 | D:4      | Got an encrusted greatsling
  1965 | D:4      | XOM: mild Trmt miscast
  1967 | D:4      | XOM: repel stairs
  1970 | D:4      | Reached skill level 1 in Stealth
  1970 | D:4      | Reached XP level 6. HP: 33/56 MP: 3/3
  2159 | D:4      | XOM: polymorph orc wizard -> scorpion
  2265 | D:4      | XOM: colour smoke trail
  2392 | D:4      | XOM: stat loss: -1 Dex (11/12)
  2399 | D:4      | XOM: harmless Necr miscast
  2488 | D:5      | Entered Level 5 of the Dungeon
  2504 | D:5      | XOM: give mutations
  2504 | D:5      | Gained mutation: You are dopey. (Int -2) [Xom's mischief]
  2504 | D:5      | Gained mutation: You tend to lose your temper in combat. [Xom's mischief]
  2506 | D:5      | XOM: 2-stop teleportation journey
  2574 | D:5      | XOM: fake destruction
  2622 | D:5      | XOM: medium Erth miscast
  2627 | D:5      | Reached XP level 7. HP: 23/62 MP: 3/3
  2630 | D:5      | Reached skill level 6 in Fighting
  2648 | D:5      | XOM: medium Conj miscast
  2680 | D:5      | XOM: 3-stop teleportation journey
  2930 | D:5      | XOM: silly message
  2957 | D:5      | XOM: noise
  2966 | D:5      | Reached skill level 5 in Armour
  3283 | D:5      | Found an iron altar of Okawaru.
  3285 | D:5      | Found a bloodstained altar of Trog.
  3432 | D:5      | XOM: mild Necr miscast
  3463 | D:5      | Reached skill level 7 in Long Blades
  3550 | D:5      | XOM: summons 1 hostile demon
  3566 | D:5      | XOM: chaos cloud
  3705 | D:5      | XOM: medium Divn miscast
  3707 | D:5      | Reached XP level 8. HP: 63/69 MP: 3/3
  3870 | D:6      | XOM: smoke on damage
  3871 | D:6      | Reached skill level 8 in Long Blades
  3916 | D:6      | Noticed Eustachio
  3917 | D:6      | XOM: 2-stop teleportation journey
  3919 | D:6      | XOM: chaos cloud
  3977 | D:6      | XOM: enchant monster (bad)
  4088 | D:6      | XOM: 1-stop teleportation journey
  4093 | D:6      | Noticed Menkaure
  4116 | D:6      | XOM: harmless Divn miscast
  4135 | D:6      | HP: 5/103 [orc warrior/short sword (14)]
  4136 | D:6      | HP: 2/103 [orc warrior/short sword (5)]
  4138 | D:6      | Reached skill level 9 in Long Blades
  4138 | D:6      | Killed from afar by an orc wizard

Action                   |  1- 3 |  4- 6 |  7- 9 || total
-------------------------+-------+-------+-------++-------
Melee: Falchion          |    76 |   160 |   125 ||   361
  Use: Scroll            |       |    12 |     1 ||    13
       Potion            |       |     1 |     2 ||     3
 Stab: Sleeping          |     2 |       |     1 ||     3
       Paralysed         |     1 |     5 |       ||     6
  Eat: Chunk             |       |     6 |     7 ||    13
